 Dungeon Crawl Stone Soup version bcrawl-1.14.2-1-gc900083943 (webtiles) character file.

Game seed: 14481410996151926946

388 Chiseanne the Sneak (level 6, -5/44 HPs)
             Began as a Mummy Archaeologist on Sept 21, 2019.
             Was an Initiate of Gozag.
             Killed from afar by an orc wizard (16 damage)
             ... with a puff of flame
             ... on level 4 of the Dungeon.
             The game lasted 00:07:09 (3069 turns).

Chiseanne the Sneak (Mummy Archaeologist)           Turns: 3069, Time: 00:07:10

Health: -5/44      AC:  7    Str: 14    XL:     6   Next: 49%
Magic:  6/6        EV: 13    Int: 14    God:    Gozag
Gold:   448        SH:  0    Dex: 12    Spells: 5/5 levels left

rFire    x . .     SeeInvis .   a - +1 dagger (venom)
rCold    + . .     Gourm    .   (no shield)
rNeg     + + +     Faith    .   b - +1 robe
rPois    ∞         Spirit   .   c - +1 hat
rElec    .         Reflect  .   (no cloak)
rCorr    .         Harm     .   (no gloves)
MR       .....     Clarity  +   d - +2 pair of boots
Stlth    ++++......             (no amulet)
HPRegen  0.14/turn              (no ring)
MPRegen  0.10/turn              (no ring)

@: no status effects
A: no food or potions, fire vulnerability, clarity, cold resistance 1, negative
energy resistance 3, torment resistance, unbreathing
a: Potion Petition, Call Merchant, Bribe Branch, Renounce Religion


You were on level 4 of the Dungeon.
You worshipped Gozag.
Gozag was aware of your devotion.
You were not hungry.

You visited 1 branch of the dungeon, and saw 4 of its levels.

You collected 513 gold pieces.
You paid 65 gold pieces to Gozag.

Inventory:

Hand Weapons
 a - a +1 dagger of venom (weapon)
 k - a +2 hunting sling of freezing
 o - a +0 blowgun
 q - a +2 dagger of speed
 s - a +2 flail of draining
Missiles
 h - 853 stones (quivered)
 i - 117 sling bullets
 j - 296 arrows
 l - 364 bolts
 m - 100 tomahawks
 n - 126 poisoned needles
Armour
 b - a +1 robe (worn)
 c - a +1 hat (worn)
 d - a +2 pair of boots (worn)
 f - the +2 cloak of the Thief {+Fog Slay-2 SInv Stlth+}

   It affects your accuracy and damage with ranged weapons and melee attacks
   (-2).
   It lets you see invisible.
   It makes you more stealthy.
 p - a cursed +0 scale mail
Scrolls
 e - a scroll of blinking
 g - 3 scrolls of fear


   Skills:
 - Level 2.1 Fighting
 - Level 0.7 Maces & Flails
 - Level 3.0 Dodging
 + Level 7.7 Stealth


You had 5 spell levels left.
You didn't know any spells.
Your spell library was empty.

Dungeon Overview and Level Annotations

Branches:
Dungeon (4/12)
 Temple: D:4-7

Altars:
Gozag
Lugonu
Qazlal
Sif Muna
The Shining One

Annotations:
D:3 3 runed translucent doors, petercordia5's ghost, amateur DsWz


Innate Abilities, Weirdness & Mutations

You do not eat or drink.
Your flesh is vulnerable to fire.
You are immune to poison.
You possess an exceptional clarity of mind.
Your flesh is cold resistant. (rC+)
You are immune to negative energy. (rN+++)
You are immune to unholy pain and torment.
You can survive without breathing.


Message History

The orc wizard is lightly wounded.
The orc wizard points at you and mumbles some strange words.
The magic dart hits you!
You closely miss the orc wizard.
The orc wizard is lightly wounded.
The orc wizard hits you with a +0 dagger.
You completely miss the orc wizard.
The orc wizard is lightly wounded.
The orc wizard hits you with a +0 dagger.
You closely miss the orc wizard.
The orc wizard is lightly wounded.
The orc wizard points at you and mumbles some strange words.
The puff of flame hits you! The fire burns you terribly!
* * * LOW HITPOINT WARNING * * *
You closely miss the orc wizard.
The orc wizard is lightly wounded.
The orc wizard casts a spell at you. The puff of flame hits you!
The fire burns you terribly!
You die...
Your body crumbles into a pile of gold.

........##.....##......#
........#.......#).....#
........#.......#....<.#
......#.)..._..........#
......#.#.......#......#
........#[o.....#.....##
....o...##.....##.....##.
.o..o...####.####.........
##....#.......oo@.........#
##....########+###........#
.#....+ .........# .#....#
<........# .#....#
..........# ##.##.#
####...... ##.##)# ....#
...... .. ...


You could see an orc wizard and an orc.

Vanquished Creatures
  Blork the orc (D:4)
  A crimson imp (D:2)
  A bullfrog skeleton (D:4)
  An orc priest (D:4)
  An iguana (D:4)
  An orc wizard (D:4)
  A worker ant (D:3)
  2 adders
  3 gnolls (D:2)
  An ooze (D:1)
  4 leopard geckos
  14 orcs
  2 ball pythons
  8 bats
  2 giant cockroaches (D:2)
  5 goblins
  8 hobgoblins
  11 jackals
  2 quokkas
  5 frilled lizards
  A jackal zombie (D:3)
  7 kobolds
  8 rats
90 creatures vanquished.

Notes
Turn   | Place    | Note
-------+----------+-------------------------------------------
     0 | D:1      | Chiseanne the Mummy Archaeologist began the quest for the
                  | Orb.
     0 | D:1      | Reached XP level 1. HP: 15/15 MP: 1/1
   154 | D:1      | Reached XP level 2. HP: 16/21 MP: 2/2
   785 | D:1      | Reached XP level 3. HP: 27/27 MP: 3/3
   947 | D:2      | Found a glowing golden altar of the Shining One.
   969 | D:2      | Reached skill level 3 in Stealth
  1043 | D:2      | Found a corrupted altar of Lugonu.
  1062 | D:2      | Reached skill level 4 in Stealth
  1191 | D:2      | Reached XP level 4. HP: 30/33 MP: 4/4
  1489 | D:2      | Reached skill level 5 in Stealth
  1514 | D:2      | Found an opulent altar of Gozag.
  1514 | D:2      | Found a stormy altar of Qazlal.
  1517 | D:2      | Became a worshipper of Gozag Ym Sagoz the Greedy
  1557 | D:2      | Reached XP level 5. HP: 38/38 MP: 5/5
  1975 | D:3      | Reached skill level 6 in Stealth
  2057 | D:3      | Found a runed translucent gate.
  2057 | D:3      | Found a runed translucent gate.
  2057 | D:3      | Found a runed translucent gate.
  2065 | D:3      | Noticed petercordia5's ghost (amateur DsWz)
  2702 | D:4      | Found a shimmering blue altar of Sif Muna.
  2711 | D:4      | Noticed Blork the orc
  2750 | D:4      | Killed Blork the orc
  2750 | D:4      | Reached skill level 7 in Stealth
  2750 | D:4      | Reached XP level 6. HP: 36/44 MP: 6/6
  3069 | D:4      | Killed from afar by an orc wizard

Skill      XL: |  1  2  3  4  5 |
---------------+----------------+-----
Fighting       | 2 |  2.1
Dodging        | 3 |  3.0
Stealth        | 4 5 7 |  7.7
Maces & Flails | |  0.7

Action                   |  1- 3 |  4- 6 || total
-------------------------+-------+-------++-------
Melee: Whip              |    58 |       ||    58
       Hand axe          |   105 |    40 ||   145
       Dagger            |       |   190 ||   190
       Flail             |       |     5 ||     5
  Use: Scroll            |     4 |     1 ||     5
 Stab: Sleeping          |     4 |    13 ||    17
       Distracted        |       |     1 ||     1
Armor: Robe              |    72 |    73 ||   145
Dodge: Dodged            |   152 |   159 ||   311
